Map: Submarine LE

Players

Sspray

  • Race: Zerg Zerg
  • League: Platinum
  • Spawn Location: 11:00

Mouthfeel - Winner!

  • Race: Terran Terran
  • League: Diamond
  • Spawn Location: 5:00

VOD

Have the link to the VOD?

Description

Time

  • Played on: July 11, 2020, 7:02 a.m.
  • Length: 5:45
Show
View Real Time Build Order
Export as new Build Order

Sspray Zerg 

Build Orders: Hatch First 

Get SALT Encoding   

  12  0:01  Drone  
  13  0:13  Overlord  
  13  0:19  Drone  
  14  0:31  Drone x2  
  16  0:50  Hatchery  
  16  0:55  Drone  
  16  0:58  Extractor  
  16  1:03  Drone  
  16  1:14  Spawning Pool  
  16  1:17  Drone  
  16  1:20  Drone  
  16  1:24  Drone  
  18  1:28  Drone  
  19  1:39  Overlord  
  19  1:52  Drone  
  20  2:06  Queen x2  
  20  2:08  Zergling x4  
  26  2:28  Drone x4  
  30  2:37  Metabolic Boost  
  30  2:48  Drone  
  30  2:49  Drone  
  32  2:54  Hatchery  
  32  2:56  Overlord  
  31  3:03  Overlord  
  31  3:07  Queen  
  33  3:15  Queen  
  35  3:21  Drone x2  
  35  3:22  Drone  
  35  3:25  Drone  
  39  3:37  Drone x3  
  39  3:39  Drone  
  43  3:43  Pneumatized Carapace  
  43  3:44  Drone x2  
  45  3:52  Drone x3  
  45  3:54  Overlord  
  48  3:59  Extractor, Overlord  
  47  4:06  Queen  
  49  4:15  Drone x5  
  49  4:16  Drone x2  
  56  4:25  Queen  
  56  4:27  Overlord  
  56  4:29  Lair  
  58  4:32  Extractor  
  57  4:46  Drone  
  57  4:47  Drone  
  57  4:50  Extractor  
  58  4:57  Drone x4  
  58  4:58  Drone x3  
  58  4:59  Roach Warren  
  64  5:08  Evolution Chamber  
  64  5:10  Evolution Chamber  
  64  5:13  Zergling x10  
  64  5:14  Zergling x6  
  70  5:21  Zergling x4  
Show
View Real Time Build Order
Export as new Build Order

Mouthfeel Terran - Winner!

Build Orders: 2 Factory, Mech 

Get SALT Encoding   

  12  0:02  SCV  
  13  0:14  SCV  
  14  0:21  Supply Depot  
  14  0:26  SCV  
  15  0:33  Refinery  
  15  0:43  SCV  
  15  0:46  Barracks  
  16  0:55  SCV  
  17  1:07  SCV  
  18  1:15  Supply Depot  
  18  1:19  SCV  
  19  1:31  SCV, Refinery  
  20  1:37  Factory  
  20  1:40  Marine  
  20  1:43  SCV  
  22  1:56  Orbital Command  
  22  2:14  Barracks Tech Lab  
  22  2:23  Factory  
  22  2:29  Factory  
  22  2:33  SCV  
  23  2:45  SCV  
  23  2:50  Barracks Reactor  
  24  2:57  SCV  
  25  2:59  Supply Depot  
  25  3:00  Siege Tank  
  28  3:08  Hellion  
  30  3:18  Infernal Pre-Igniter  
  30  3:21  Hellion  
  30  3:24  Supply Depot  
  32  3:43  Factory Tech Lab  
  32  3:49  Hellion x2  
  36  3:56  Siege Tank, Supply Depot  
  39  4:09  Siege Tank  
  42  4:11  Hellion  
  42  4:12  Hellion  
  46  4:19  Supply Depot  
  46  4:28  Hellion  
  48  4:32  Supply Depot  
  48  4:36  Armory  
  48  4:41  Hellion x2  
  48  4:42  Hellion  
  54  4:49  Hellion  
  56  5:02  Hellion  
  56  5:03  Hellion x2  
  62  5:18  Supply Depot  
  62  5:19  Hellion  
  64  5:42  Supply Depot  
Tags
 
Composition
Mech
Matchup
TvZ
Spawn Locations
Cross Positions
Add a new tag
Caveats
  • Supply blocks, unpowered buildings, or Contaminate may cause inaccurate times.
  • Supply counts are checked every 10 seconds.